 Dungeon Crawl Stone Soup version 0.28.0 (webtiles) character file.

Game seed: 13376386578606211874

201 Jerry the Chucker (level 5, -14/52 HPs)
             Began as a Troll Hunter on Feb 10, 2022.
             Demolished by an ogre (29 damage)
             ... on level 3 of the Dungeon.
             The game lasted 00:05:27 (2057 turns).

Jerry the Chucker (Troll Hunter)                    Turns: 2057, Time: 00:05:27

Health: -14/52     AC:  4    Str: 22    XL:     5   Next: 50%
Magic:  4/4        EV: 10    Int:  7    God:
Gold:   83         SH:  0    Dex: 10    Spells: 4/4 levels left

rFire   . . .      SeeInvis .   a - +0 short sword
rCold   . . .      Faith    .   (no shield)
rNeg    . . .      Spirit   .   b - +0 robe
rPois   .          Reflect  .   (helmet restricted)
rElec   .          Harm     .   (no cloak)
rCorr   .          Rampage  .   (gloves unavailable)
Will    .....                   (boots unavailable)
Stlth   +.........              (no amulet)
HPRegen 0.97/turn               (no ring)
MPRegen 0.09/turn               (no ring)

@: no status effects
A: large, unfitting armour, claws 3, regeneration 1, shaggy fur 1, tough skin 1
a: no special abilities


You were on level 3 of the Dungeon.
You visited 1 branch of the dungeon, and saw 4 of its levels.

You collected 83 gold pieces.

Inventory:

Hand Weapons
 a - a +0 short sword (weapon)
 l - a +0 club
Missiles
 c - 4 large rocks (quivered)
 d - 2 throwing nets
Armour
 b - a +0 robe (worn)
 k - a +0 kite shield
Jewellery
 n - an amulet of magic regeneration
Scrolls
 g - 4 scrolls of identify {unknown}
 h - a scroll of fog {unknown}
 i - a scroll of immolation {unknown}
 j - 3 scrolls of teleportation {unknown}
 p - a scroll of enchant armour {unknown}
 q - a scroll of noise {unknown}
Potions
 e - 3 potions of curing {unknown}
 f - 2 potions of heal wounds {unknown}
 m - 2 potions of magic {unknown}
 o - a potion of flight {unknown}


   Skills:
 + Level 2.8 Fighting
 + Level 1.6 Maces & Flails
 + Level 4.4 Throwing
 + Level 2.8 Dodging
 - Level 0.4 Stealth


You had 4 spell levels left.
You didn't know any spells.
Your spell library contained the following spells:

 Spells                   Type           Power      Damage    Failure   Level
 Conjure Flame            Conj/Fire      0%         6-21      80%         3
 Gell's Gravitas          Tloc           0%         N/A       80%         3
 Ignite Poison            Fire/Tmut/Pois 0%         N/A       80%         3
 Lesser Beckoning         Tloc           0%         N/A       80%         3
 Teleport Other           Tloc           0%         N/A       80%         3
 Sticky Flame             Conj/Fire      0%         2d3       99%         4


Dungeon Overview and Level Annotations

Branches:
Dungeon (4/15)
 Temple: D:4-7

Altars:
Cheibriados
Fedhas
Sif Muna


Innate Abilities, Weirdness & Mutations

You are too large for most types of armour.
You have claws for hands.
Your natural rate of healing is unusually fast.
You are covered in fur. (AC +1)
You have tough skin. (AC +1)


Message History

There is a stone staircase leading up here.
You throw a large rock. The large rock barely misses the ogre.
The gnoll barely misses you.
The gnoll hits you from afar with a +0 spear.
The ogre hits you with a +0 giant spiked club!
The gnoll hits you from afar with a +0 spear.
You climb upwards.
There is a stone staircase leading down here.
You hit the ogre.
The ogre is lightly wounded.
The ogre closely misses you.
You hit the ogre.
The ogre is moderately wounded.
The ogre hits you with a +0 giant spiked club!!
You hit the ogre.
The ogre is heavily wounded.
The ogre barely misses you.
You hit the ogre.
The ogre is heavily wounded.
The ogre barely misses you.
You hit the ogre.
The ogre is severely wounded.
You hit the ogre but do no damage.
The ogre is severely wounded.
The ogre closely misses you.
You hit the ogre.
The ogre is severely wounded.
The ogre hits you with a +0 giant spiked club!
* * * LOW HITPOINT WARNING * * *
You hit the ogre but do no damage.
The ogre is severely wounded.
The ogre closely misses you.
You hit the ogre.
The ogre is severely wounded.
The ogre closely misses you.
You hit the ogre.
The ogre is almost dead.
The ogre hits you with a +0 giant spiked club!!
Ouch! That really hurt!
You die...

####.### #..### #....#..
##......#####...# #....#..
######........#......# #....#..
.....................#####....#÷.
..............>...............#..
.................÷....####.......
........................######..#
.........†......O..°........##..#
.....#........#.@.≈≈≈≈≈..##.###..
..............#...≈≈°≈§..........
..................≈☼§≈≈..###.....
..................≈≈.§☼..........
####...........##.≈≈.○≈.####.....
#>...........##.......###......
###.#..........#####.............
#...##........## ####..........
#.#####.......# #..###......


You could see an ogre.

Vanquished Creatures
  A hound (D:3)
  Jessica (D:2)
  An iguana (D:2)
  3 gnolls
  3 adders (D:2)
  2 worms (D:3)
  A dart slug (D:2)
  An endoplasm (D:2)
  3 giant cockroaches
  4 goblins
  8 hobgoblins
  9 jackals
  3 kobolds
  A quokka (D:1)
  8 ball pythons
  4 bats
  4 frilled lizards
  3 rats
60 creatures vanquished.

Notes
Turn   | Place    | Note
-------+----------+-------------------------------------------
     0 | D:1      | Jerry the Troll Hunter began the quest for the Orb.
     0 | D:1      | Reached XP level 1. HP: 19/19 MP: 0/0
   135 | D:1      | Reached XP level 2. HP: 20/28 MP: 1/1
   662 | D:2      | Reached XP level 3. HP: 35/35 MP: 2/2
   725 | D:2      | Reached skill level 4 in Throwing
   970 | D:2      | Reached XP level 4. HP: 34/44 MP: 3/3
  1001 | D:2      | Found a faded altar of an unknown god.
  1396 | D:2      | HP: 2/43 [iguana (7)]
  1414 | D:2      | Reached skill level 1 in Maces & Flails
  1529 | D:2      | Noticed Jessica
  1530 | D:2      | Killed Jessica
  1531 | D:2      | Reached XP level 5. HP: 50/50 MP: 4/4
  1575 | D:3      | Found a blossoming altar of Fedhas.
  1590 | D:3      | Found a shimmering blue altar of Sif Muna.
  1844 | D:3      | Found a snail-covered altar of Cheibriados.
  2044 | D:4      | Noticed an ogre
  2057 | D:3      | Demolished by an ogre

Illustrated notes

Levels and vault maps discovered:
D:1:      kennysheep_arrival_forest, layout_basic
D:2:      layout_loops_ring, nicolae_ecumenical_snake_handling, uniq_jessica
D:3:      layout_rooms, nicolae_sif_muna_condensation,
          overflow_temple_1_default, mainiacjoe_overflow_cross_hatched,
          minmay_bisected
D:4:      layout_rooms, portal_sewer_entry_b, minmay_quantized, uniq_grinder

Skill      XL: |  1  2  3  4 |
---------------+-------------+-----
Dodging        | 2 |  2.8
Fighting       | 2 |  2.8
Throwing       | 4 |  4.4
Maces & Flails | 1 |  1.6
Stealth        | |  0.4

Action                   |  1- 3 |  4- 6 || total
-------------------------+-------+-------++-------
Melee: Short sword       |   159 |   124 ||   283
       Punch             |     1 |       ||     1
Throw: Large rock        |     6 |     2 ||     8
 Stab: Sleeping          |       |     1 ||     1
Armor: Robe              |    86 |    30 ||   116
Dodge: Dodged            |   114 |    60 ||   174
